 Dungeon Crawl Stone Soup version 0.29-a0-824-gd827844252 (webtiles) character file.

Game seed: 11882071321520493405

213 Sabo the Shield-Bearer (level 6, -4/48 HPs)
             Began as a Formicid Fighter on July 9, 2022.
             Was a Believer of Wu Jian.
             Slain by a gnoll
             ... wielding a +0 halberd
              (10 damage)
             ... on level 3 of the Dungeon.
             The game lasted 00:10:56 (2421 turns).

Sabo the Shield-Bearer (Formicid Fighter)           Turns: 2421, Time: 00:10:58

Health: -4/48      AC:  7    Str: 22    XL:     6   Next: 14%
Magic:  6/6        EV:  9    Int:  8    God:    Wu Jian [**....]
Gold:   183        SH:  5    Dex: 13    Spells: 5/5 levels left

rFire   . . .      SeeInvis +   a - +0 war axe
rCold   . . .      Faith    .   c - +0 buckler
rNeg    . . .      Spirit   .   b - +0 scale mail
rPois   .          Reflect  .   (helmet unavailable)
rElec   .          Harm     .   (no cloak)
rCorr   .          Rampage  .   (no gloves)
Will    .....                   (no boots)
Stlth   ..........              (no amulet)
HPRegen 0.16/turn               (no ring)
MPRegen 0.10/turn               (no ring)

@: flying
A: permanent stasis, dig shafts and tunnels, antennae 3, four strong arms
a: Dig, Shaft Self, Renounce Religion, Wall Jump


You were on level 3 of the Dungeon.
You worshipped Wu Jian.
Wu Jian was pleased with you.
You visited 1 branch of the dungeon, and saw 3 of its levels.

You collected 183 gold pieces.

Inventory:

Hand Weapons
 a - a +0 war axe (weapon)
 o - a +0 sling
Missiles
 g - 3 poisoned darts (quivered)
Armour
 b - a +0 scale mail (worn)
 c - a +0 buckler (worn)
 f - a +0 troll leather armour {Pargi}
Scrolls
 d - a scroll of immolation {unknown}
 h - a scroll of blinking {unknown}
 i - a scroll of amnesia {unknown}
 n - a scroll of fog
Potions
 e - a potion of flight
 j - a potion of degeneration {unknown}
 k - a potion of ambrosia {unknown}
 l - a potion of brilliance {unknown}
 m - a potion of curing {unknown}


   Skills:
 + Level 4.2 Fighting
 + Level 4.1 Axes
 + Level 4.1 Armour
 + Level 0.4 Dodging
 + Level 0.1 Stealth
 + Level 5.0 Shields


You had 5 spell levels left.
You didn't know any spells.
Your spell library was empty.

Dungeon Overview and Level Annotations

Branches:
Dungeon (3/15)

Altars:
Wu Jian


Innate Abilities, Weirdness & Mutations

You cannot be hasted, slowed, berserked, paralysed or teleported.
You can dig through walls and to a lower floor.
You have a pair of large antennae on your head. (SInv)
Your four strong arms can wield two-handed weapons with a shield.


Message History

The gnoll hits you but does no damage.
The gnoll hits you from afar with a +0 halberd.
You lunge at the gnoll.
You hit the gnoll.
The gnoll is heavily wounded.
The gnoll barely misses you.
A gnoll comes into view. It is wielding a +0 club.
The gnoll hits you but does no damage.
You barely miss the gnoll.
The gnoll is heavily wounded.
The gnoll barely misses you. The gnoll misses you.
You slash the gnoll!
You kill the gnoll!
The Council accepts your kill.
The gnoll hits you from afar with a +0 halberd.
You lunge at the gnoll, but your attack speed is too slow for a blow to land.
The gnoll hits you but does no damage. x2
Things that are here:
a +0 spear; a scroll of fog; a gnoll corpse The gnoll hits you from afar with a +0 halberd!
A gnoll comes into view. It is wielding a +0 spear.
You hit the gnoll.
The gnoll is lightly wounded.
You block the gnoll's attack. The gnoll hits you but does no damage.
You slash the gnoll!
The gnoll is severely wounded.
The gnoll closely misses you. x2; The gnoll barely misses you.
You lunge at the gnoll.
You hit the gnoll but do no damage. You closely miss the gnoll.
You barely miss the gnoll.
You spin to attack the gnoll, but your attack speed is too slow for a blow to land.
The gnoll barely misses you. The gnoll hits you with a +0 spear.
* * * LOW HITPOINT WARNING * * *
The gnoll hits you with a +0 halberd.
* * * LOW HITPOINT WARNING * * *
It was a potion of flight.
You feel very buoyant.
You fly up into the air.
The gnoll completely misses you. The gnoll hits you with a +0 spear.
* * * LOW HITPOINT WARNING * * *
The gnoll hits you with a +0 halberd!
You die...

#.......g.#.....##....#.
##........{).####........
##...#...###### #........
........## #........
##..###.# #........ #.
##.# ######........ #.
#..## ##......>##..##
#..###...###g.##...##...#
..........g@.##.........#
...#......g####..#.###..#
# #>......##....#.# .#
#.......#.......#
##.....##.....#.### #
#........#####...#.#
#.......## #..<...#.#
#.......####........#
..................#..#


You could see 3 gnolls.

Vanquished Creatures
  Pargi (D:3)
  Natasha (D:2)
  A gnoll (D:3)
  3 adders (D:2)
  A worm (D:2)
  2 dart slugs (D:1)
  6 ball pythons
  7 bats
  8 endoplasms
  4 giant cockroaches
  3 goblins
  6 hobgoblins (D:1)
  2 kobolds (D:2)
  A quokka (D:1)
  3 frilled lizards (D:1)
  2 rats
51 creatures vanquished.

Notes
Turn   | Place    | Note
-------+----------+-------------------------------------------
     0 | D:1      | Sabo the Formicid Fighter began the quest for the Orb.
     0 | D:1      | Reached XP level 1. HP: 18/18 MP: 1/1
    42 | D:1      | Reached XP level 2. HP: 24/24 MP: 2/2
   271 | D:1      | Found a faded altar of an unknown god.
   362 | D:1      | Prayed at the altar of an unknown god.
   362 | D:1      | Became a worshipper of the Wu Jian Council
   362 | D:1      | Reached * piety under Wu Jian
   417 | D:1      | Reached XP level 3. HP: 25/29 MP: 3/3
  1152 | D:2      | Reached ** piety under Wu Jian
  1178 | D:2      | Reached XP level 4. HP: 37/37 MP: 4/4
  1452 | D:2      | Noticed Natasha
  1465 | D:2      | Killed Natasha
  2085 | D:2      | Reached XP level 5. HP: 41/42 MP: 5/5
  2202 | D:3      | Noticed Pargi
  2252 | D:3      | Killed Pargi
  2253 | D:3      | Reached skill level 5 in Shields
  2253 | D:3      | Reached XP level 6. HP: 7/48 MP: 6/6
  2421 | D:3      | Slain by a gnoll

Illustrated notes

Levels and vault maps discovered:
D:1:      lightli_arrival_boilingwater, layout_loops_ring,
          chequers_ecumenical_altar_island, minmay_pentomino_s4
D:2:      layout_basic, kennysheep_generic_room_13, uniq_natasha
D:3:      layout_rooms, hangedman_ru_absence, uniq_pargi

Skill      XL: |  1  2  3  4  5 |
---------------+----------------+-----
Axes           | 3 4 |  4.1
Fighting       | 4 |  4.2
Armour         | 4 |  4.1
Shields        | 5 |  5.0
Dodging        | |  0.4
Stealth        | |  0.1

Action                   |  1- 3 |  4- 6 || total
-------------------------+-------+-------++-------
Melee: War axe           |    92 |    75 ||   167
Invok: Lunge             |     4 |     4 ||     8
       Whirlwind         |     1 |     1 ||     2
  Use: Scroll            |     3 |     2 ||     5
       Potion            |       |     3 ||     3
Armor: Scale mail        |    49 |    47 ||    96
Dodge: Dodged            |    49 |    52 ||   101
Block: Buckler           |    23 |    19 ||    42

Table legend: (Time is in decaauts)
 A = Elapsed time spent in this place.
 B = Non-inter-level travel time spent in this place.
 C = Inter-level travel time spent in this place.
 D = Time resting spent in this place.
 E = Time spent auto-exploring this place.
 F = Levels seen in this place.
 G = Mean time per level.
                   A        B        C        D        E       F      G
               +--------+--------+--------+--------+--------+-----+--------+
         Total |   2497 |   2497 |      0 |    739 |      0 |   3 |  832.3 |
       Dungeon |   2497 |   2497 |      0 |    739 |      0 |   3 |  832.3 |
               +--------+--------+--------+--------+--------+-----+--------+

Top non-repeatable levels by time:
     D:2: 1148 daAuts
     D:1: 1114 daAuts
     D:3: 234 daAuts
